 Dungeon Crawl Stone Soup version 0.21.1-1-g345015f (webtiles) character file.

10 thaumaturge77 the Conjurer (level 2, -2/13 HPs)
             Began as a Spriggan Conjurer on July 11, 2018.
             Slain by a leopard gecko (4 damage)
             ... on level 1 of the Dungeon.
             The game lasted 00:04:06 (412 turns).

thaumaturge77 the Conjurer (Spriggan Conjurer)       Turns: 412, Time: 00:04:06

Health: -2/13      AC:  2    Str:  4    XL:     2   Next: 10%
Magic:  1/6        EV: 18    Int: 16    God:
Gold:   36         SH:  0    Dex: 16    Spells: 3/6 levels left

rFire    . . .     SeeInvis +   d - +0 dagger
rCold    . . .     Gourm    .   (shield restricted)
rNeg     . . .     Faith    .   a - +0 robe
rPois    .         Spirit   .   (helmet restricted)
rElec    .         Reflect  .   (no cloak)
rCorr    .         Harm     .   (gloves unavailable)
MR       .....                  (boots unavailable)
Stlth    ++........             (no amulet)
HPRegen  0.04/turn              (no ring)
MPRegen  0.10/turn              (no ring)

@: very quick
A: very small, unfitting armour, see invisible, herbivore, speed 3, slow
metabolism 2
a: no special abilities


You were on level 1 of the Dungeon.
You were not hungry.

You visited 1 branch of the dungeon, and saw 1 of its levels.

You collected 36 gold pieces.

Inventory:

Hand Weapons
 d - a +0 dagger (weapon)
 e - a cursed -1 dagger
 h - a +0 short sword
 j - a +0 dagger
Missiles
 g - a stone (quivered)
Armour
 a - a +0 robe (worn)
Scrolls
 i - a scroll of identify {unknown}
Potions
 f - a potion of magic {unknown}
Books
 b - a book of Conjurations

   Spells                             Type                      Level
   a - Magic Dart                     Conjuration                  1
   b - Searing Ray                    Conjuration                  2
   c - Dazzling Spray                 Conjuration/Hexes            3
   d - Fulminant Prism                Conjuration/Hexes            4
   e - Force Lance                    Conjuration/Translocation    4
   f - Iskenderun's Mystic Blast      Conjuration                  4
Comestibles
 c - 2 rations


   Skills:
 + Level 3.0 Dodging
 + Level 3.0 Stealth
 + Level 2.8 Spellcasting
 + Level 3.2 Conjurations


You had 3 spell levels left.
You knew the following spells:

 Your Spells              Type           Power        Failure   Level  Hunger
a - Magic Dart            Conj           ##..         4%          1    #......
b - Searing Ray           Conj           ##....       8%          2    ##.....


Dungeon Overview and Level Annotations

Branches:
Dungeon (1/15)

Altars:


Innate Abilities, Weirdness & Mutations

You are very small and have problems with some larger weapons.
You are too small for most types of armour.
You have supernaturally acute eyesight. (SInv)
You are a herbivore.
You cover ground extremely quickly.
You need consume almost no food.


Message History

The leopard gecko hisses angrily.
Casting: Searing Ray
Confirm with . or Enter, or press ? or * to list all spells.
Aiming: Magic Dart
Press: ? - help, Shift-Dir - straight line, f/p - kobold
Aim: a kobold, wielding a short sword (severely wounded)
The magic dart hits the kobold.
You kill the kobold!
Found a ration.
Things that are here:
a short sword; a kobold corpse You hit the leopard gecko.
The leopard gecko is moderately wounded.
The leopard gecko completely misses you.
The leopard gecko bites you.
* * * LOW HITPOINT WARNING * * *
You hit the leopard gecko.
The leopard gecko is heavily wounded.
The leopard gecko bites you.
You die...

# #.#%..#.# ..♣ #
#.#...#.# .♣. #
#.#.....# ♣ ♣ #
#.#.##### #
#.#.#### ### #
#.#....#####.#
#####.####.#.....#
#.....#.##.#.###.#
#.#####....#.#..@#
#...#
#.####.#.##l......
###.# #.####.#.
....... ....#
#...##.# ....%..
##### ###.##.#
....... #.##.#
....... #.##.#
.......
######.##.#
.......
#......##'###


You could see a leopard gecko.

Vanquished Creatures
  A hobgoblin (D:1)
  3 jackals (D:1)
  A bat (D:1)
  5 kobolds (D:1)
10 creatures vanquished.

Notes
Turn   | Place    | Note
-------+----------+-------------------------------------------
     0 | D:1      | thaumaturge77 the Spriggan Conjurer began the quest for the Orb.
     0 | D:1      | Reached XP level 1. HP: 9/9 MP: 5/5
   368 | D:1      | Reached XP level 2. HP: 4/13 MP: 4/6
   372 | D:1      | Learned a level 2 spell: Searing Ray
   412 | D:1      | Slain by a leopard gecko

Skill      XL: |  1 |
---------------+----+-----
Conjurations   | 3 |  3.2
Dodging        | |  3.0
Stealth        | |  3.0
Spellcasting   | |  2.8

Action                   || total
-------------------------++-------
Melee: Dagger            ||    35
Throw: Stone             ||     1
 Cast: Magic Dart        ||    14
       Searing Ray       ||     2
Armor: Robe              ||     3
Dodge: Dodged            ||    37
